 Dungeon Crawl Stone Soup version 0.31-a0-345-g1ebeae05c6 (webtiles) character file.

Game seed: 7790156927956796272

16403 Crownlay the Thaumaturge (level 12, 0/71 HPs)
             Began as a Deep Elf Summoner on July 21, 2023.
             Was an Initiate of Makhleb.
             Slain by a vampire mosquito (4 damage)
             ... on level 12 of the Dungeon on July 22, 2023.
             The game lasted 00:53:18 (11210 turns).

Crownlay the Thaumaturge (Deep Elf Summoner)       Turns: 11210, Time: 00:53:19

Health: 0/71       AC:  8    Str:  5    XL:     12   Next: 9%
Magic:  3/30       EV: 13    Int: 32    God:    Makhleb [......]
Gold:   529        SH:  0    Dex: 17    Spells: 18/35 levels left

rFire   + + .        j - staff of Recklessness {+Blink rF+ rCorr Dex+2 Conj}
rCold   . . .        (no shield)
rNeg    . . .        C - +1 robe {rF+}
rPois   .            l - +0 helmet
rElec   .            v - scarf {repulsion}
rCorr   +            t - +0 pair of gloves
SInv    .            h - +2 pair of boots
Will    ++...        D - amulet of magic regeneration
Stlth   +            k - ring of willpower
HPRegen 0.31/turn    G - +6 ring of intelligence
MPRegen 0.62/turn

%: repel missiles
@: about to teleport, silenced, spiked, very slightly contaminated
A: no striking features
a: Renounce Religion, Evoke Blink


You were on level 12 of the Dungeon.
You worshipped Makhleb.
Makhleb was noncommittal.
You visited 2 branches of the dungeon, and saw 14 of its levels.
You also visited: Bailey.

You collected 584 gold pieces.
You spent 55 gold pieces at shops.

Inventory:

Hand Weapons
 K - the +2 war axe "Jatwutze" {flame, rF+ Dex-3 SInv}
   (You found it on level 9 of the Dungeon)

   Dex:       It affects your dexterity (-3).
   rF:        It protects you from fire.
   SInv:      It lets you see invisible.
 N - the +2 halberd of Gowe Boemi {flame, rN+ Dex+2 Stlth+}
   (You found it on level 10 of the Dungeon)

   Dex:       It affects your dexterity (+2).
   rN:        It protects you from negative energy.
   Stlth:     It makes you more stealthy.
 Q - the +10 quarterstaff "Bivaerr" {drain, rElec}
   (You found it in a bailey)

   rElec:     It insulates you from electricity.
Missiles
 M - a throwing net
Armour
 h - a +2 pair of boots (worn)
 l - a +0 helmet (worn)
 t - a +0 pair of gloves (worn)
 v - a scarf of repulsion (worn)
 C - a +1 robe of fire resistance (worn)
Magical Staves
 j - the staff of Recklessness (weapon) {+Blink rF+ rCorr Dex+2 Conj}
   (You found it on level 2 of the Dungeon)

   [staff of conjuration]

   Base accuracy: +5 Base damage: 5 Base attack delay: 1.2 This weapon's minimum
   attack delay (0.6) is reached at skill level 12.
   Dex:       It affects your dexterity (+2).
   rF:        It protects you from fire.
   +Blink:    It lets you blink.
   rCorr:     It protects you from acid and corrosion.
   Conj:      It increases the power of your Conjurations spells.
   It falls into the 'Staves' category.
   It is a one-handed weapon.
 r - a staff of cold
Jewellery
 e - a ring of ice
 g - an amulet of reflection
 k - a ring of willpower (left hand)
 D - an amulet of magic regeneration (around neck)
 G - a +6 ring of intelligence (right hand)
Wands
 p - a wand of iceblast (12)
 y - a wand of paralysis (11)
 H - a wand of flame (12)
Scrolls
 a - a scroll of immolation {unknown}
 c - a scroll of noise {unknown}
 i - 5 scrolls of teleportation
 n - 2 scrolls of butterflies
 o - 2 scrolls of fog
 u - 3 scrolls of enchant weapon
 w - 2 scrolls of silence
 x - a scroll of blinking {unknown}
 A - 2 scrolls of enchant armour {unknown}
 E - 3 scrolls of amnesia
Potions
 b - 3 potions of magic
 d - 3 potions of curing
 f - 3 potions of lignification
 m - 5 potions of enlightenment
 q - 2 potions of brilliance {unknown}
 s - 3 potions of berserk rage {unknown}
 z - 4 potions of heal wounds {unknown}
 B - 2 potions of resistance
 F - 4 potions of degeneration
 I - a potion of might {unknown}
 J - a potion of invisibility {unknown}
 L - 2 potions of cancellation {unknown}
 O - 2 potions of mutation {unknown}
 P - 2 potions of haste {unknown}


   Skills:
 * Level 6.5 Fighting
 - Level 2.4 Dodging
 - Level 2.4 Stealth
 + Level 12.2 Spellcasting
 - Level 12.0 Conjurations
 + Level 8.4 Hexes
 - Level 8.0 Summonings
 - Level 8.0 Earth Magic
 + Level 1.1 Invocations


You had 18 spell levels left.
You knew the following spells:

 Your Spells              Type           Power      Damage    Failure   Level
a - Summon Small Mammal   Summ           100%       N/A       1%          1
b - Call Imp              Summ           100%       N/A       1%          2
c - Call Canine Familiar  Summ           63%        N/A       1%          3
d - Stone Arrow           Conj/Erth      100%       3d13      1%          3
e - Summon Lightning Spi  Summ/Air       45%        N/A       4%          4
f - Fulminant Prism       Conj/Hex       45%        3d21      1%          4

Your spell library contained the following spells:

 Spells                   Type           Power      Damage    Failure   Level
 Summon Guardian Golem    Hex/Summ       64%        N/A       1%          3
 Animate Armour           Summ/Erth      100%       N/A       1%          4
 Iskenderun's Mystic Bla  Conj/Tloc      72%        2d15      1%          4
 Necrotise                Necr           76%        1d7       2%          1
 Vampiric Draining        Necr           19%        2d7       8%          3
 Volatile Blastmotes      Fire/Tloc      38%        2d13      8%          3
 Silence                  Hex/Air        23%        N/A       12%         5
 Passage of Golubria      Tloc           19%        N/A       24%         4
 Agony                    Necr           19%        N/A       56%         5
 Lehudib's Crystal Spear  Conj/Erth      45%        10d11     95%         8


Dungeon Overview and Level Annotations

Branches:
Dungeon (13/15)            Temple (1/1) D:7            Lair (0/5) D:9
 Bailey (visited)
    Orc: D:9-12      Vaults: D:13-14

Altars:
Ashenzari
Cheibriados
Dithmenos
Elyvilon
Fedhas
Gozag
Hepliaklqana
Kikubaaqudgha
Makhleb
Nemelex Xobeh
Okawaru
Qazlal
Ru
Sif Muna
Trog
Uskayaw
Vehumet
Wu Jian
Xom
Yredelemnul
Zin
The Shining One

Shops:
D:7 *


Message History

Your rat's corpse disappears in a puff of smoke!
The bolt of electricity hits the red devil!
You feel better.
A vampire mosquito comes into view.
The vampire mosquito closely misses you.
Your cerulean imp hits the red devil but does no damage.
Your lightning spire shoots out a bolt of lightning at the red devil!
The bolt of electricity hits the red devil!
The bolt of electricity hits your cerulean imp.
Your cerulean imp resists.
The bolt of electricity hits the vampire mosquito!
You strike the helpless red devil from behind!
You hit the red devil but do no damage.
The red devil is almost dead.
The vampire mosquito bites you.
The vampire mosquito draws strength from your injuries!
The vampire mosquito bites your cerulean imp!
Your cerulean imp dies!
Your cerulean imp disappears in a puff of smoke!
The red devil barely misses you.
The vampire mosquito bites you but does no damage.
As you read the scroll of teleportation, it crumbles to dust.
You feel strangely unstable.
You carefully extract the barbed spikes from your body.
The vampire mosquito barely misses you.
The vampire mosquito closely misses you.
The red devil hits you with a +0 spear.
* * * LOW HITPOINT WARNING * * *
Barbed spikes become lodged in your body.
The vampire mosquito bites you!
* * * LOW HITPOINT WARNING * * *
The vampire mosquito draws strength from your injuries!
The vampire mosquito bites you!
* * * LOW HITPOINT WARNING * * *
The vampire mosquito draws strength from your injuries!
Okay, then.
As you read the scroll labelled JUPLOIFUHU, it crumbles to dust.
A profound silence engulfs you.
It was a scroll of silence.
The vampire mosquito barely misses you. The vampire mosquito bites you.
You die...

.......... ##.## .
........###...# .. ..
#.#..#.... .$. ...
#(##.#.....###... ##...
.....##....##.# ....# #.
##...#...≈..#.#..≈.#
#..##....#...≈§.#y#.≈≈.#
#.............8.4y.....#
......<...#..)..@yy..###
........#.############
........### .........
........## #.#...###
####.# ##


You could see a red devil (ally target), 4 vampire mosquitoes and a friendly
lightning spire (summoned, unsilenced).

Vanquished Creatures
  Harold (D:9)
  Erica (D:11)
  A manticore (D:11)
  An ugly thing (D:11)
  2 red devils (D:12)
  A shadow (D:12)
  3 wraiths
  17 yaks
  A basilisk (D:11)
  An acid dragon (D:9)
  An orc warrior (D:7)
  A wolf (D:10)
  2 phantoms
  5 wights
  9 killer bees
  2 vampire bats (Bailey)
  2 wolf zombies (Bailey)
  2 hounds
  A jelly (D:3)
  An orc priest (D:7)
  2 iguanas
  An ogre zombie (D:12)
  3 adders
  A gnoll (D:9)
  A shadow imp (D:4)
  An orc (D:8)
  A ball python (D:2)
  A giant cockroach (D:2)
  A goblin (D:3)
  3 jackals
  3 quokkas
  A hobgoblin skeleton (D:12)
  A hobgoblin zombie (D:12)
  4 kobolds
  An orc skeleton (D:12)
  7 orc zombies (D:12)
  A rat (D:2)
  6 fulminant prisms
94 creatures vanquished.

Vanquished Creatures (collateral kills)
  2 two-headed ogres
  A cyclops (D:9)
  A manticore (D:11)
  A gargoyle (Bailey)
  Maurice (D:11)
  2 komodo dragons (D:11)
  A red devil (D:12)
  2 trolls
  A hornet (D:10)
  Sigmund (D:4)
  A wyvern (D:9)
  A vampire (Bailey)
  4 yaks
  2 wraiths
  Grum (D:10)
  A steam dragon (D:8)
  A water moccasin (D:7)
  2 orc warriors
  A sky beast (D:7)
  A centaur (D:12)
  2 wolves (D:10)
  Blork the orc (D:5)
  5 bullfrogs
  4 kobold brigands
  A gnoll sergeant (D:9)
  19 wights
  A killer bee (D:8)
  8 vampire bats (Bailey)
  6 wolf zombies (Bailey)
  4 crimson imps (D:10)
  3 hounds
  3 jellies
  6 orc priests
  A sleepcap (D:2)
  6 orc wizards
  3 iguanas
  4 gnolls (D:9)
  5 adders
  A shadow imp (D:4)
  A white imp (D:3)
  2 ufetubi
  A worm (D:2)
  11 orcs
  3 ball pythons (D:3)
  2 bats (D:1)
  6 endoplasms
  3 giant cockroaches
  2 goblins (D:2)
  7 hobgoblins
  4 jackals
  A quokka (D:1)
  2 goblin skeletons (D:3)
  A hobgoblin zombie (D:3)
  11 kobolds
  3 kobold skeletons (D:3)
  2 kobold zombies (D:3)
  An orc skeleton (D:12)
  17 orc zombies (Bailey)
  A rat (D:1)
192 creatures vanquished.

Vanquished Creatures (others)
  An orc wizard (D:4)
  11 fulminant prisms
12 creatures vanquished.

Grand Total: 298 creatures vanquished

Notes
Turn   | Place    | Note
-------+----------+-------------------------------------------
     0 | D:1      | Crownlay the Deep Elf Summoner began the quest for the Orb.
     0 | D:1      | Reached XP level 1. HP: 10/10 MP: 6/6
   154 | D:1      | Found a faded altar of an unknown god.
   469 | D:2      | Reached XP level 2. HP: 10/15 MP: 8/8
   472 | D:2      | Learned a level 2 spell: Call Imp
   637 | D:2      | Identified the staff of Recklessness {+Blink rF+ rCorr
                  | Dex+2 Conj}
   762 | D:2      | Reached skill level 1 in Conjurations
   762 | D:2      | Reached XP level 3. HP: 5/19 MP: 6/10
   842 | D:2      | Learned a level 3 spell: Call Canine Familiar
   942 | D:2      | Reached XP level 4. HP: 15/24 MP: 7/12
  1272 | D:3      | Found a sparkling altar of Nemelex Xobeh.
  1282 | D:3      | Found a hide-covered altar of Uskayaw.
  1306 | D:3      | Reached skill level 5 in Spellcasting
  1306 | D:3      | Reached skill level 5 in Summonings
  1465 | D:3      | Identified the +10 sling of Jarph {freeze, Will++ rCorr}
  1556 | D:3      | Found a glowing golden altar of the Shining One.
  1584 | D:3      | Reached XP level 5. HP: 18/28 MP: 7/14
  1637 | D:3      | Upgraded the game from 0.31-a0-344-gd109795599 to
                  | 0.31-a0-345-g1ebeae05c6
  1697 | D:3      | Found a glowing silver altar of Zin.
  1957 | D:3      | Found a white marble altar of Elyvilon.
  2198 | D:3      | Learned a level 3 spell: Stone Arrow
  2703 | D:4      | Reached XP level 6. HP: 32/32 MP: 4/16
  2724 | D:4      | Reached skill level 1 in Earth Magic
  3191 | D:4      | Noticed Sigmund
  3208 | D:4      | Killed Sigmund
  3209 | D:4      | Reached XP level 7. HP: 36/36 MP: 16/19
  3495 | D:5      | Entered Level 5 of the Dungeon
  3811 | D:5      | Reached skill level 5 in Conjurations
  3841 | D:5      | Found a shimmering blue altar of Sif Muna.
  4021 | D:5      | Noticed Blork the orc
  4049 | D:5      | Killed Blork the orc
  4743 | D:6      | Reached XP level 8. HP: 37/41 MP: 22/22
  5210 | D:7      | Found Uroud's General Store.
  5215 | D:7      | Bought a potion of lignification for 33 gold pieces
  5215 | D:7      | Bought a scroll of identify for 22 gold pieces
  5344 | D:7      | Found a basalt altar of Yredelemnul.
  5463 | D:7      | Reached XP level 9. HP: 45/45 MP: 24/24
  5888 | D:8      | Reached skill level 5 in Earth Magic
  6062 | D:8      | Reached skill level 10 in Spellcasting
  6208 | D:8      | Reached XP level 10. HP: 50/50 MP: 26/26
  6379 | D:8      | Reached skill level 10 in Conjurations
  6663 | D:8      | Reached skill level 1 in Hexes
  6915 | D:9      | Found a staircase to the Lair.
  6975 | D:9      | Identified the +2 war axe "Jatwutze" {flame, rF+ Dex-3
                  | SInv}
  7132 | D:9      | Noticed a two-headed ogre
  7142 | D:9      | Killed a two-headed ogre
  7412 | D:9      | Noticed Harold
  7439 | D:9      | Killed Harold
  7440 | D:9      | Reached skill level 5 in Hexes
  7588 | D:9      | Noticed a cyclops
  7595 | D:9      | Killed a cyclops
  7655 | D:9      | Reached skill level 1 in Fighting
  7655 | D:9      | Reached XP level 11. HP: 47/56 MP: 22/28
  7770 | D:10     | Entered Level 10 of the Dungeon
  7781 | D:10     | Found a shimmering altar of Xom.
  8011 | D:10     | You fall into a shaft and drop 3 floors!
  8115 | D:11     | Noticed Erica
  8123 | D:11     | Killed Erica
  8188 | D:11     | Noticed a red ugly thing
  8200 | D:11     | Killed a red ugly thing
  8247 | D:10     | Found a flagged portal.
  8255 | D:10     | Identified the +2 halberd of Gowe Boemi {flame, rN+ Dex+2
                  | Stlth+}
  8259 | Bailey   | Entered a bailey
  8266 | Bailey   | Learned a level 4 spell: Summon Lightning Spire
  8609 | Bailey   | Identified the +10 quarterstaff "Bivaerr" {drain, rElec}
  9093 | D:10     | Noticed Grum
  9113 | D:10     | Killed Grum
  9602 | D:11     | Noticed Maurice
  9611 | D:11     | Killed Maurice
  9723 | D:11     | Reached skill level 5 in Fighting
  9771 | D:11     | Learned a level 4 spell: Fulminant Prism
 10182 | D:12     | Noticed a two-headed ogre
 10195 | D:12     | Killed a two-headed ogre
 10196 | D:12     | Reached XP level 12. HP: 70/70 MP: 27/30
 10754 | D:7      | Found a staircase to the Ecumenical Temple.
 10801 | Temple   | Entered the Ecumenical Temple
 10910 | Temple   | Became a worshipper of Makhleb the Destroyer
 11198 | D:12     | Reached skill level 1 in Invocations
 11210 | D:12     | Slain by a vampire mosquito

Illustrated notes

Levels and vault maps discovered:
D:1:      minmay_arrival_semitransparent, layout_rooms, basic_ecumenical_altar
D:2:      layout_rooms, serial_glass, glass_columns_b, glass_columns_a
D:3:      layout_loops_ring, general_overflow_altar,
          nicolae_tso_besieged_by_evil,
          mainiacjoe_overflow_concentric_impassable,
          mainiacjoe_overflow_catch_the_wave, saegor_snake_ambush
D:4:      layout_loops_corners, serial_demonic, serial_demonic_f,
          serial_demonic_f, serial_demonic_b, serial_demonic_g, uniq_sigmund
D:5:      layout_basic, mainiacjoe_overflow_cross_hatched, chequers_garden,
          uniq_blork_the_orc
D:6:      layout_loops_ring
D:7:      layout_rooms, mainiacjoe_overflow_tiny_flanked,
          minmay_temple_entry_from_below_a, serial_shops,
          nicolae_shop_just_a_little_nook
D:8:      layout_layer_cave
D:9:      layout_layer_cave, lair_entry_dummy, blue_anna_alchemist, uniq_harold
D:10:     layout_gridville, led_xom_imps, enter_bailey_2,
          chequers_serial_rivers_room_a, uniq_grum
D:11:     layout_roguey, minmay_tree_intersection, uniq_maurice, uniq_erica
D:12:     layout_cave_pools, zombieorc2_lemuel,
          einodemon_armed_red_devil_minivault
D:13:     layout_rooms, serial_shops, shop, grunt_potential
Temple:   compressed_dpeg_circular_temple

Skill      XL: |  1  2  3  4  5  6  7  8  9 10 11 12 |
---------------+-------------------------------------+-----
Spellcasting   | 4 5 6 8 9 10 11 12 | 12.2
Conjurations   | 1 2 3 4 5 7 9 11 12 | 12.0
Summonings     | 5 6 7 8 |  8.0
Earth Magic    | 1 3 4 6 8 |  8.0
Hexes          | 5 8 |  8.4
Fighting       | 1 6 |  6.5
Invocations    | 1 |  1.1
Dodging        | |  2.4
Stealth        | |  2.4

Action                     |  1- 3 |  4- 6 |  7- 9 | 10-12 || total
---------------------------+-------+-------+-------+-------++-------
  Melee: Short sword       |    20 |       |       |       ||    20
         Unarmed           |     6 |       |       |       ||     6
         Staff             |    23 |    57 |    38 |    32 ||   150
         Punch             |       |       |       |     1 ||     1
   Cast: Summon Small Mamm |    19 |     8 |     2 |    45 ||    74
         Call Imp          |     5 |    15 |    27 |    40 ||    87
         Call Canine Famil |     2 |    20 |    30 |    47 ||    99
         Stone Arrow       |       |       |    25 |    56 ||    81
         Summon Lightning  |       |       |       |    28 ||    28
         Fulminant Prism   |       |       |       |    17 ||    17
    Use: Scroll            |       |       |     9 |     5 ||    14
         Potion            |       |       |       |     1 ||     1
   Stab: Sleeping          |     3 |       |       |       ||     3
         Distracted        |       |       |     1 |     2 ||     3
 Armour: Robe              |     9 |    12 |    23 |    36 ||    80
  Dodge: Dodged            |    33 |    68 |    49 |    85 ||   235
         Repelled          |       |       |       |     1 ||     1

Table legend: (Time is in decaauts)
 A = Elapsed time spent in this place.
 B = Non-inter-level travel time spent in this place.
 C = Inter-level travel time spent in this place.
 D = Time resting spent in this place.
 E = Time spent auto-exploring this place.
 F = Levels seen in this place.
 G = Mean time per level.
                   A        B        C        D        E       F      G
               +--------+--------+--------+--------+--------+-----+--------+
         Total |  11290 |  10274 |   1016 |      0 |   7377 |  15 |  752.7 |
       Dungeon |  10719 |   9723 |    996 |      0 |   7317 |  13 |  824.5 |
        Temple |    129 |    109 |     20 |      0 |      0 |   1 |  129.0 |
        Bailey |    440 |    440 |      0 |      0 |     60 |   1 |  440.0 |
               +--------+--------+--------+--------+--------+-----+--------+

Top non-repeatable levels by time:
     D:8: 1324 daAuts
     D:4: 1296 daAuts
    D:10: 1107 daAuts
     D:3: 1095 daAuts
    D:11: 1069 daAuts
     D:9: 1063 daAuts
     D:5: 973 daAuts
     D:6: 825 daAuts
     D:2: 700 daAuts
     D:7: 688 daAuts
     D:1: 458 daAuts
  Bailey: 440 daAuts
  Temple: 129 daAuts
    D:12: 110 daAuts
    D:13: 5 daAuts
